 Dungeon Crawl Stone Soup version 0.29.1-13-g9f3cf754e1 (webtiles) character file.

Game seed: 17713931961901117930

288 Priul the Conjurer (level 6, 0/32 HPs)
             Began as a Deep Elf Conjurer on Feb 2, 2023.
             Killed from afar by an orc wizard (6 damage)
             ... with a puff of flame
             ... on level 4 of the Dungeon.
             The game lasted 00:18:43 (2934 turns).

Priul the Conjurer (Deep Elf Conjurer)              Turns: 2934, Time: 00:18:43

Health: 0/32       AC:  3    Str:  4    XL:     6   Next: 9%
Magic:  10/15      EV: 12    Int: 25    God:
Gold:   126        SH:  0    Dex: 13    Spells: 8/14 levels left

rFire   . . .      SeeInvis .   p - +3 dagger
rCold   . . .      Faith    .   (no shield)
rNeg    . . .      Spirit   .   a - +0 robe
rPois   .          Reflect  .   (no helmet)
rElec   .          Harm     .   i - +0 cloak
rCorr   .          Rampage  .   (no gloves)
Will    .....                   (no boots)
Stlth   +++.......              (no amulet)
HPRegen 0.10/turn               (no ring)
MPRegen 0.14/turn               (no ring)

@: no status effects
A: no striking features
a: no special abilities


You were on level 4 of the Dungeon.
You visited 1 branch of the dungeon, and saw 5 of its levels.

You collected 126 gold pieces.

Inventory:

Hand Weapons
 p - a +3 dagger (weapon)
Missiles
 e - 23 stones
 m - 5 poisoned darts (quivered)
 t - 5 boomerangs
Armour
 a - a +0 robe (worn)
 i - a +0 cloak (worn)
Scrolls
 c - a scroll of silence {unknown}
 d - a scroll of butterflies {unknown}
 h - a scroll of immolation {unknown}
 k - 2 scrolls of poison {unknown}
 l - a scroll of teleportation {unknown}
 q - a scroll of enchant weapon {unknown}
 r - a scroll of magic mapping {unknown}
 u - a scroll of amnesia {unknown}
Potions
 b - a potion of magic
 g - a potion of heal wounds {unknown}
 j - 2 potions of berserk rage
 n - a potion of curing {unknown}
 o - 3 potions of mutation
 s - a potion of flight {unknown}
 v - a potion of might {unknown}


   Skills:
 + Level 2.6 Dodging
 + Level 4.2 Stealth
 + Level 4.9 Spellcasting
 + Level 6.6 Conjurations


You had 8 spell levels left.
You knew the following spells:

 Your Spells              Type           Power      Damage    Failure   Level
a - Magic Dart            Conj           100%       1d8       1%          1
b - Searing Ray           Conj           78%        2d7       1%          2
c - Dazzling Flash        Conj/Hex       44%        N/A       6%          3

Your spell library contained the following spells:

 Spells                   Type           Power      Damage    Failure   Level
 Slow                     Hex            24%        N/A       9%          1
 Fulminant Prism          Conj/Hex       11%        3d9       21%         4
 Iskenderun's Mystic Bla  Conj/Tloc      22%        2d6       21%         4
 Confusing Touch          Hex            6%         N/A       26%         3
 Vampiric Draining        Necr           6%         2d6       26%         3
 Yara's Violent Unravell  Hex/Tmut       3%         3d4       93%         5
 Enfeeble                 Hex            3%         N/A       100%        7


Dungeon Overview and Level Annotations

Branches:
Dungeon (5/15)
 Temple: D:4-7

Altars:
Dithmenos
The Shining One


Message History

Casting: Magic Dart (safe; 1% risk of failure)
Confirm with . or Enter, or press ? or * to list all spells.
Aiming: Magic Dart (safe; 1% risk of failure)
Press: ? - help, Shift-Dir - straight line The magic dart hits something but does no damage.
Something hits you but does no damage.
You hear some strange, mumbled words.
Something tries to affect you, but you resist.
You hear some strange, mumbled words.
A magic dart appears from out of thin air!
The magic dart hits you.
Okay, then.
As you read the scroll labelled HES KILIRREU, it crumbles to dust.
Your body is wracked with pain!
Something is bathed in an unholy light!
It was a scroll of torment.
Something completely misses you.
You closely miss something.
You hear some strange, mumbled words.
You are confused.
An orc comes into view. It is wielding a +0 hand axe.
Something hits you.
* * * LOW HITPOINT WARNING * * *
Something hits you but does no damage. Something hits you but does no damage.
You feel less confused.
An orc wizard comes into view. It is wielding a +0 dagger.
The orc wizard shouts!
You hit something but do no damage.
You hear a shout!
An orc comes into view. It is wielding a staff of earth.
Something hits you but does no damage.
You miss something. Something hits you.
* * * LOW HITPOINT WARNING * * *
You hit something. Something hits you.
* * * LOW HITPOINT WARNING * * *
You hit something.
Reactivating autopickup.
You feel a bit more experienced.
The orc wizard gestures at you while chanting.
The puff of flame hits you.
You die...

#......# #......#
.. +......#
P.#######....o.#
...............#
...............#
...............#
.............@.#
.......>.....).+
...............#
########.........##
.......#.........#
.......#.........#
..o....'..(......#
.o###..#.........#
#+########.......


You could see an orc wizard.

Vanquished Creatures
  2 orc priests
  Natasha (thrice) (D:2)
  2 orc wizards
  An iguana (D:5)
  3 adders (D:2)
  A white imp (D:3)
  A dart slug (D:2)
  3 orcs
  3 bats
  6 endoplasms
  3 giant cockroaches
  3 goblins
  7 hobgoblins
  4 jackals (D:5)
  3 quokkas
  6 ball pythons
  5 frilled lizards
  A goblin skeleton (D:3)
  A goblin zombie (D:3)
  3 hobgoblin zombies (D:3)
  4 kobolds
  3 kobold zombies (D:3)
  2 orc skeletons (D:3)
  An orc zombie (D:3)
  2 rats (D:1)
73 creatures vanquished.

Vanquished Creatures (others)
  5 plants
5 creatures vanquished.

Grand Total: 78 creatures vanquished

Notes
Turn   | Place    | Note
-------+----------+-------------------------------------------
     0 | D:1      | Priul the Deep Elf Conjurer began the quest for the Orb.
     0 | D:1      | Reached XP level 1. HP: 10/10 MP: 6/6
     7 | D:1      | Noticed a scorpion
     7 | D:1      | Noticed a swamp worm
     8 | D:1      | Noticed a five-headed hydra
     8 | D:1      | Noticed a komodo dragon
   299 | D:1      | Reached XP level 2. HP: 15/15 MP: 5/8
   552 | D:1      | Reached skill level 5 in Conjurations
  1021 | D:2      | Noticed Natasha
  1027 | D:1      | Learned a level 2 spell: Searing Ray
  1038 | D:2      | Reached XP level 3. HP: 18/19 MP: 4/9
  1313 | D:2      | Found a shadowy altar of Dithmenos.
  1509 | D:2      | Killed Natasha
  1510 | D:2      | Reached XP level 4. HP: 24/24 MP: 5/11
  1606 | D:2      | Reached skill level 6 in Conjurations
  1623 | D:2      | Reached XP level 5. HP: 7/28 MP: 0/13
  2026 | D:2      | Noticed Natasha
  2028 | D:2      | Killed Natasha
  2077 | D:2      | Noticed Natasha
  2082 | D:2      | Killed Natasha
  2284 | D:2      | Learned a level 3 spell: Dazzling Flash
  2417 | D:3      | Found a glowing golden altar of the Shining One.
  2593 | D:3      | Found a faded altar of an unknown god.
  2706 | D:3      | You fall into a shaft and drop 2 floors!
  2706 | D:5      | Entered Level 5 of the Dungeon
  2915 | D:4      | Reached XP level 6. HP: 32/32 MP: 9/15
  2934 | D:4      | Killed from afar by an orc wizard

Illustrated notes

Levels and vault maps discovered:
D:1:      onia_arrival_zoo_common, layout_basic, roderic_lattice_a,
          kennysheep_boxes
D:2:      layout_loops_ring, basic_altar, uniq_natasha
D:3:      minmay_general_purpose_star, layout_basic,
          nicolae_tso_besieged_by_evil, portal_sewer_entry_e,
          shapermc_ecumenical_altar_mp_ritualfount, kennysheep_generic_room_3
D:4:      layout_gridville, yredelemnul_altar_generic
D:5:      layout_rooms, temple_statues, serial_shops,
          nicolae_shop_bloodbath_and_beyond, minivault_27, uniq_eustachio,
          uniq_duvessa

Skill      XL: |  1  2  3  4  5 |
---------------+----------------+-----
Conjurations   | 5 6 |  6.6
Stealth        | 3 4 |  4.2
Spellcasting   | 4 |  4.9
Dodging        | |  2.6

Action                   |  1- 3 |  4- 6 || total
-------------------------+-------+-------++-------
Melee: Dagger            |       |    15 ||    15
Throw: Dart              |       |     3 ||     3
 Cast: Magic Dart        |    57 |    66 ||   123
       Searing Ray       |     1 |     6 ||     7
       Dazzling Flash    |       |     1 ||     1
  Use: Scroll            |       |     3 ||     3
Armor: Robe              |       |    10 ||    10
Dodge: Dodged            |     3 |    12 ||    15
